 Dungeon Crawl Stone Soup version 0.18-a0-1730-g73f0523 (webtiles) character file.

19 dohliylev the Sneak (level 2, 0/19 HPs)
             Began as a Vampire Enchanter on Apr 10, 2016.
             Slain by an adder (1 damage)
             ... on level 3 of the Dungeon.
             The game lasted 00:02:50 (614 turns).

dohliylev the Sneak (Vampire Enchanter)              Turns: 614, Time: 00:02:51

Health: 0/19       AC:  3    Str:  7    XL:     2   Next: 55%
Magic:  1/5        EV: 13    Int: 17    God:
Gold:   80         SH:  0    Dex: 14    Spells: 2 memorised, 2 levels left

rFire  . . .     SeeInvis +     a - +1 dagger
rCold  . . .     Gourm    .     b - +1 robe
rNeg   . . .     Faith    .     (no shield)
rPois  .         Spirit   .     (no helmet)
rElec  .         Dismiss  .     (no cloak)
rCorr  .         Reflect  .     (no gloves)
SustAt .         Harm     .     (no boots)
MR     .....                    (no amulet)
Stlth  +++.......               (no ring)
                                (no ring)

@: very slightly contaminated, regenerating quickly, not resistant to hostile
enchantments, fairly stealthy
A: fangs 3, see invisible, unbreathing
a: no special abilities


You were on level 3 of the Dungeon.
You were full.

You visited 1 branch of the dungeon, and saw 3 of its levels.

You collected 80 gold pieces.

Inventory:

Hand Weapons
 a - a +1 dagger (weapon)
Armour
 b - a +1 robe (worn)
 j - a +0 cloak
Scrolls
 f - 3 scrolls of noise {unknown}
 g - a scroll of teleportation {unknown}
 h - 3 scrolls of remove curse {unknown}
 k - a scroll of magic mapping {unknown}
 m - 2 scrolls of identify {unknown}
Potions
 d - 9 potions of blood
 e - 2 potions of haste {unknown}
 i - a potion of cure mutation {unknown}
 l - a potion of degeneration {unknown}
Books
 c - a book of Maledictions

   Spells                             Type                      Level
   a - Corona                         Hexes                        1
   b - Ensorcelled Hibernation        Hexes/Ice                    2
   c - Confuse                        Hexes                        3
   d - Tukima's Dance                 Hexes                        3
   e - Dazzling Spray                 Conjuration/Hexes            3


   Skills:
 + Level 0.1 Fighting
 + Level 1.2 Short Blades
 + Level 2.4 Dodging
 * Level 5.3 Stealth
 + Level 2.0 Spellcasting
 + Level 4.6 Hexes


You had 2 spell levels left.
You knew the following spells:

 Your Spells              Type           Power        Failure   Level  Hunger
a - Corona                Hex            ###....      2%          1    #......
b - Ensorcelled Hibernat  Hex/Ice        #.....       14%         2    ###....


Dungeon Overview and Level Annotations

Branches:
Dungeon (3/15)

Altars:


Innate Abilities, Weirdness & Mutations

Your natural rate of healing is unusually fast.
You have razor-sharp teeth.
You have supernaturally acute eyesight.
You can survive without breathing.


Message History

The adder closely misses you.
Unknown command.
Casting: Ensorcelled Hibernation
Confirm with . or Enter, or press ? or * to list all spells.
Aiming: Ensorcelled Hibernation
Press: ? - help, Shift-Dir - straight line, f - ooze
Aim: an ooze (chance to defeat MR: 40%)
You miscast Ensorcelled Hibernation.
You are very lightly contaminated with residual magic.
You hear an indistinct dissonance whispering inside your mind.
The shadow imp barely misses you. The adder completely misses you.
The ooze misses you.
Unknown command.
Casting: Ensorcelled Hibernation
Confirm with . or Enter, or press ? or * to list all spells.
Aiming: Ensorcelled Hibernation
Press: ? - help, Shift-Dir - straight line, f/p - ooze
Aim: an ooze (chance to defeat MR: 40%)
The ooze looks drowsy...
The adder bites you.
You die...

### ..# #.# #5#
###@# #.SJ##.###
#..h.....h.
.........##.####
#####.#..# #
#.#..# . .... ##
##.## #.#


You could see an ooze (sleeping), an adder, a shadow imp and a jackal.

Vanquished Creatures
  3 bats (D:1)
  A giant cockroach (D:2)
  4 hobgoblins
  A giant newt (D:1)
  5 kobolds (D:1)
  5 rats (D:1)
19 creatures vanquished.

Notes
Turn   | Place    | Note
--------------------------------------------------------------
     0 | D:1      | dohliylev the Vampire Enchanter began the quest for the Orb.
     0 | D:1      | Reached XP level 1. HP: 13/13 MP: 3/3
   148 | D:1      | Reached skill level 5 in Stealth
   153 | D:1      | Reached XP level 2. HP: 19/19 MP: 5/5
   157 | D:1      | Learned a level 2 spell: Ensorcelled Hibernation
   595 | D:2      | You fall through a shaft!
   614 | D:3      | Slain by an adder

Vault maps used:
D:1:      mrwooster_arrival_statue_3
D:3:      gammafunk_temple_overflow_statue

Skill      XL: |  1 |
---------------+----+-----
Stealth        | 5 |  5.3
Fighting       | |  0.1
Short Blades   | |  1.2
Dodging        | |  2.4
Spellcasting   | |  2.0
Hexes          | |  4.6

Action                   || total
-------------------------++-------
Melee: Dagger            ||    89
 Cast: Ensorcelled Hiber ||     4
 Stab: Sleeping          ||     4
  Eat: Corpse            ||     5
